 Dungeon Crawl Stone Soup version 0.20.1-1-g8b1a95d (webtiles) character file.

23 StormFighter the Chopper (level 2, 0/19 HPs)
             Began as a Gargoyle Berserker on July 13, 2017.
             Was a Follower of Trog.
             Slain by Sigmund
             ... wielding a +0 scythe
              (1 damage)
             ... on level 4 of the Dungeon.
             The game lasted 00:01:16 (723 turns).

StormFighter the Chopper (Gargoyle Berserker)        Turns: 723, Time: 00:01:17

Health: 0/19       AC: 10    Str: 20    XL:     2   Next: 95%
Magic:  2/2        EV: 11    Int:  7    God:    Trog [*.....]
Gold:   59         SH:  0    Dex:  9    Spells: 1/1 levels left

rFire    . . .     SeeInvis +   a - +0 hand axe
rCold    . . .     Gourm    .   (no shield)
rNeg     + + .     Faith    .   e - +2 ring mail {rN+}
rPois    ∞         Spirit   .   (no helmet)
rElec    +         Reflect  .   (no cloak)
rCorr    .         Harm     .   (no gloves)
MR       .....                  (no boots)
Stlth    ..........             (no amulet)
Regen    0.1/turn               d - ring of see invisible
MPRegen  0.1/turn               (no ring)

@: berserk cooldown, slowed, very slow
A: negative energy resistance 1, electricity resistance, unbreathing,
petrification resistance, rot immunity, AC +2
a: Berserk, Burn Spellbooks, Renounce Religion


You were on level 4 of the Dungeon.
You worshipped Trog.
Trog was aware of your devotion.
You were not hungry.

You visited 1 branch of the dungeon, and saw 3 of its levels.

You collected 59 gold pieces.

Inventory:

Hand Weapons
 a - a +0 hand axe (weapon)
Armour
 e - a +2 ring mail of positive energy (worn)
Jewellery
 d - a ring of see invisible (left hand)
 i - an uncursed amulet of guardian spirit {unknown}
Scrolls
 b - a scroll of enchant weapon {unknown}
 h - 3 scrolls of teleportation {unknown}
 j - a scroll of remove curse {unknown}
 k - a scroll of magic mapping {unknown}
 l - a scroll of random uselessness {unknown}
 m - a scroll of identify {unknown}
Potions
 g - a potion of heal wounds {unknown}
 n - a potion of agility {unknown}
Comestibles
 c - a bread ration
 f - a meat ration


   Skills:
 - Level 3.2 Fighting
 + Level 3.6 Axes
 - Level 2.1 Armour
 - Level 1.5 Dodging


You had one spell level left.
You didn't know any spells.

Dungeon Overview and Level Annotations

Branches:
Dungeon (2/15)

Altars:

Annotations:
D:4 Sigmund


Innate Abilities, Weirdness & Mutations

You are resistant to torment.
Your stone body is resilient. (AC +2)
You are immune to poison.
You resist negative energy. (rN+)
You are resistant to electric shocks. (rElec)
You can survive without breathing.
You are immune to petrification.
You are immune to rotting.


Message History

You are too confused!
You completely miss Sigmund.
Sigmund is moderately wounded.
You are no longer berserk.
You are exhausted.
You feel yourself slow down. Sigmund barely misses you.
You bump into the rock wall.
Sigmund hits you with a scythe. Sigmund misses you.
You bump into the rock wall.
Sigmund hits you but does no damage.
You bump into the rock wall.
You feel less confused. Sigmund gestures at you while chanting.
You resist with significant effort. Sigmund gestures at you while chanting.
The magic dart hits you!
* * * LOW HITPOINT WARNING * * *
You hit Sigmund.
Sigmund is heavily wounded.
Sigmund hits you with a scythe.
You die...

#######..# #.# #.#
##..P.....# #.# #.#
.........# #.# #.#
#..##..#####.# #.#
#...........# #.#
#.#####.###############.#
#.......#..........#....#
##########.#.##.##.#.####
#..@@.#.......#.#
#.#######.#####.#
#...............#
#########.####### #.# #.#
#.# #.# #.#


You could see Sigmund.

Vanquished Creatures
  2 dart slugs
  A goblin (D:1)
  4 hobgoblins
  3 bats (D:1)
  2 frilled lizards (D:1)
  4 kobolds
  4 rats
20 creatures vanquished.

Notes
Turn   | Place    | Note
-------+----------+-------------------------------------------
     0 | D:1      | StormFighter the Gargoyle Berserker began the quest for the Orb.
     0 | D:1      | Reached XP level 1. HP: 14/14 MP: 1/1
   177 | D:1      | Reached XP level 2. HP: 13/19 MP: 2/2
   645 | D:2      | You fall through a shaft for 2 floors!
   707 | D:4      | Noticed Sigmund
   723 | D:4      | Slain by Sigmund

Skill      XL: |  1 |
---------------+----+-----
Axes           | 3 |  3.6
Fighting       | |  3.2
Armour         | |  2.1
Dodging        | |  1.5

Action                   || total
-------------------------++-------
Melee: Hand axe          ||    61
Invok: Berserk           ||     1
Armor: Ring mail         ||    30
Dodge: Dodged            ||    58
